Match 45318833
Unlisted

Match 45318833
End
Pioneer Squad
Construct Infanterie Kompanie
MG 42 Machine Gun Team
Grenadier Squad
Grenadier Squad
Construct Luftwaffe Kompanie
221 Scout Car
Jäger Squad
Selects Mechanized Battlegroup
Selects Mobile Repair Stations
Jäger Squad
Selects Wespe Self-propelled Artillery
Luftwaffe Officer Quarters
Wespe Self-propelled Artillery
Construct Panzer Kompanie
Selects Raid Package
Selects StuG Assault Group
Selects UNKNOWN (2160084)
Panther Heavy Tank
T.R. Olvadi
Makros
[PD] Ducktus
Nico-Nico-Nii~~
digitalvadim
patric
I'm Whale
bn119
0
0

Comments sign in to comment!

No comments posted yet!